Map: Central Protocol

Players

Hindulaatti

  • Race: Terran Terran
  • League: Diamond

Nemesis

  • Race: Terran Terran
  • League: Diamond

BLFG

  • Race: Terran Terran

Eclipse

  • Race: Terran Terran
  • League: Diamond

VOD

Have the link to the VOD?

Description

Time

  • Played on: Jan. 15, 2016, 9:10 a.m.
  • Length: 19:15
Show
View Real Time Build Order
Export as new Build Order

Hindulaatti Terran 

Build Orders: MMM Bio 

Get SALT Encoding   

  12  0:01  SCV  
  13  0:13  SCV  
  14  0:18  Supply Depot  
  14  0:25  SCV  
  15  0:34  Refinery  
  15  0:40  SCV  
  16  0:46  Barracks  
  16  0:52  SCV  
  17  1:04  SCV  
  18  1:16  SCV  
  19  1:28  SCV  
  20  1:34  Reaper  
  21  1:42  Command Center  
  21  1:47  Supply Depot  
  21  1:53  Orbital Command  
  21  2:12  Barracks Reactor  
  21  2:19  Barracks  
  21  2:21  Barracks  
  21  2:22  SCV  
  22  2:34  SCV  
  23  2:41  Refinery  
  23  2:43  Supply Depot  
  23  2:46  SCV  
  23  2:49  Marine x2  
  26  2:58  SCV  
  24  3:08  Marine x2  
  24  3:12  Barracks Tech Lab x2  
  25  3:13  SCV  
  25  3:18  Orbital Command  
  26  3:25  SCV  
  27  3:32  Supply Depot  
  27  3:37  SCV  
  28  3:41  Factory  
  28  3:48  Combat Shields, SCV  
  29  3:50  SCV  
  30  3:56  Stimpack  
  30  4:00  SCV  
  31  4:03  SCV  
  31  4:07  Engineering Bay  
  32  4:12  SCV  
  32  4:15  SCV  
  34  4:22  Marauder, Marine  
  37  4:24  SCV  
  37  4:27  SCV  
  37  4:30  Starport  
  38  4:32  Factory Reactor  
  38  4:36  Marauder, SCV  
  38  4:37  Marine  
  42  4:41  Terran Infantry Weapons Level 1  
  42  4:43  SCV  
  43  4:49  Refinery  
  43  4:57  Marauder x2, Marine  
  43  4:58  Marine  
  50  5:00  SCV x2  
  51  5:12  SCV x2  
  53  5:20  Factory Tech Lab  
  53  5:24  SCV  
  53  5:25  Medivac, SCV  
  57  5:28  Supply Depot x2  
  57  5:30  Supply Depot  
  57  5:31  Marauder  
  57  5:34  Refinery  
  59  5:36  SCV  
  59  5:37  SCV  
  61  5:48  SCV  
  62  5:50  Medivac, Siege Tank, SCV  
  67  6:00  SCV  
  66  6:05  Marauder x2, Marine x2  
  67  6:30  Missile Turret  
  67  6:31  Missile Turret  
  67  6:32  Medivac, Marauder x2, Marine  
  72  6:40  SCV x2  
  74  6:49  Missile Turret  
  74  6:52  SCV x2  
  76  7:04  SCV  
  76  7:05  SCV  
  77  7:16  Terran Infantry Armor Level 1  
  77  7:21  Marauder x2, Missile Turret, Marine x2, SCV x2  
  85  7:23  Command Center  
  85  7:46  Medivac x2  
  85  7:48  Supply Depot, Marine  
  85  7:49  Marauder x2, Supply Depot x2  
  94  7:58  Marine  
  93  8:06  Marine  
  93  8:09  Siege Tank  
  89  8:14  Marine x2  
  89  8:15  Marine  
  89  8:16  Command Center  
  85  8:24  Marine  
  73  8:32  Marine x2  
  73  8:33  Barracks  
  69  8:34  Barracks  
  69  8:35  Barracks  
  68  8:42  Armory  
  68  8:43  Engineering Bay  
  68  8:46  Orbital Command  
  68  8:49  Siege Tank  
  71  9:10  Command Center  
  71  9:14  Marine x3  
  71  9:15  Marauder  
  76  9:29  Terran Infantry Weapons Level 2  
  76  9:31  Terran Infantry Armor Level 2  
  76  9:32  Marine x2  
  76  9:33  Marauder  
  76  9:35  Orbital Command  
  76  9:36  SCV  
  76  9:37  SCV  
  82  9:49  SCV  
  83  9:54  SCV  
  84  10:01  SCV  
  84  10:05  SCV  
  84  10:06  SCV  
  87  10:13  SCV  
  88  10:17  SCV  
  88  10:18  SCV  
  90  10:24  Marauder x2, Marine x4  
  90  10:25  Marine, SCV  
  100  10:29  SCV  
  100  10:30  Medivac x2  
  100  10:31  SCV  
  100  10:32  Siege Tank  
  109  10:37  SCV  
  109  10:41  Factory, SCV  
  109  10:42  Marine x3  
  114  10:44  SCV  
  114  10:46  Marauder x2  
  114  10:49  SCV  
  99  11:00  Viking x2  
  99  11:03  Marine  
  99  11:04  Marine x4  
  98  11:07  Marauder x2  
  102  11:18  SCV x3  
  102  11:21  Marine x2  
  102  11:22  Marine, Reaper x2  
  106  11:28  Marauder  
  106  11:29  Marauder  
  106  11:30  SCV x2  
  104  11:42  Factory Tech Lab  
  104  11:43  Siege Tank  
  103  11:47  SCV  
  103  11:50  Marauder  
  97  12:04  Siege Tank  
  100  12:14  Orbital Command  
  100  12:15  Marine x2, Siege Tank  
  100  12:16  Marine x5  
  105  12:33  Marine x3  
  105  12:34  Marine x2  
  101  12:37  Siege Tank  
  101  12:38  Marine x2  
  103  12:47  SCV x2  
  103  12:51  Marine x4  
  109  13:03  Medivac  
  109  13:05  Marine x3  
  111  13:09  Marine  
  115  13:26  Missile Turret  
  115  13:29  Command Center  
  115  13:38  Marine x2  
  115  13:39  Marine  
  118  13:45  Marine  
  118  13:48  Supply Depot  
  118  13:49  Supply Depot  
  118  13:55  Marine  
  118  14:07  Terran Infantry Weapons Level 3  
  118  14:10  Medivac x2, Marine x4  
  118  14:11  Marine x2  
  118  14:13  Marine  
  129  14:27  Marine x4  
  129  14:28  Marine x2  
  129  14:31  Marine  
  101  15:06  Marine  
  86  15:07  Marine x6  
  65  15:24  Marine  
  65  15:25  Marine x6  
  65  15:27  Medivac x2  
  69  15:42  Marine x2  
  68  15:43  Marine x5  
  74  15:52  Missile Turret  
  74  16:00  Marine x7  
  81  16:12  Refinery  
  81  16:18  Marine x3  
  84  16:30  SCV x2  
  86  16:42  SCV x2  
  52  16:55  Marine x7  
  55  17:13  Marine x7  
  62  17:21  Siege Tank x2  
  67  17:30  Marine  
  67  17:31  Marine x3  
  71  17:37  Reaper x2  
  73  18:21  Marine x2, Siege Tank x2  
  73  18:22  Marine x5  
  86  18:28  Orbital Command  
  86  18:35  Medivac  
  86  18:39  Marine x3  
  86  18:40  Marine x4  
  82  18:57  Marine x2  
Show
View Real Time Build Order
Export as new Build Order

Nemesis Terran 

Build Orders: MMM Bio 

Get SALT Encoding   

  12  0:01  SCV  
  13  0:13  SCV  
  14  0:17  Supply Depot  
  14  0:25  SCV  
  15  0:39  SCV  
  15  0:40  Barracks  
  16  0:47  Refinery  
  16  0:51  SCV  
  18  1:04  SCV  
  18  1:16  SCV  
  19  1:28  SCV  
  19  1:32  Reaper  
  21  1:38  Supply Depot  
  21  1:40  Orbital Command  
  21  1:56  Command Center  
  21  2:06  Refinery  
  21  2:07  Marine  
  22  2:13  Factory  
  22  2:24  SCV  
  22  2:28  Marine  
  24  3:04  Marine  
  24  3:10  Widow Mine  
  25  3:21  Marine  
  26  3:28  Supply Depot  
  26  3:31  Barracks  
  26  3:32  Barracks  
  26  3:34  Orbital Command  
  25  3:38  Starport, SCV  
  25  3:39  Marine  
  27  3:47  Factory Tech Lab  
  27  3:50  SCV  
  27  3:58  Barracks Reactor  
  28  4:02  SCV  
  28  4:07  SCV  
  29  4:14  SCV  
  30  4:19  SCV  
  30  4:23  Barracks Tech Lab  
  31  4:25  Barracks Tech Lab  
  31  4:27  SCV  
  31  4:29  Bunker, Siege Tank  
  35  4:33  Medivac  
  37  4:40  SCV  
  37  4:43  Stimpack  
  37  4:45  Combat Shields  
  38  4:52  SCV  
  39  4:54  Marine x2  
  39  4:55  SCV  
  42  5:04  SCV  
  43  5:07  SCV  
  43  5:11  Supply Depot  
  44  5:15  Starport Reactor  
  44  5:16  Marine x2, SCV  
  44  5:17  Marine x2  
  44  5:20  SCV  
  50  5:22  Siege Tank  
  54  5:28  SCV  
  54  5:33  SCV  
  55  5:37  Engineering Bay  
  55  5:38  Marine  
  55  5:40  SCV  
  57  5:44  Supply Depot  
  57  5:49  Supply Depot  
  57  5:54  Medivac, Siege Tank  
  62  6:05  Marine  
  62  6:10  Missile Turret  
  63  6:14  Supply Depot  
  63  6:18  Missile Turret  
  63  6:22  Marauder x2, Missile Turret  
  63  6:23  Marine  
  63  6:24  SCV  
  69  6:26  SCV  
  69  6:32  Medivac, Marine  
  72  6:36  Terran Infantry Weapons Level 1  
  72  6:37  SCV  
  72  6:38  Supply Depot  
  74  6:40  Concussive Shells  
  74  6:41  Marine  
  74  6:43  Marine x2  
  77  6:50  Refinery, Marine  
  77  6:51  SCV x2  
  77  6:52  Refinery  
  80  7:00  Supply Depot  
  80  7:01  Marine x3  
  81  7:03  SCV x2  
  81  7:08  Medivac  
  82  7:15  SCV  
  83  7:19  Marauder  
  83  7:20  Marauder  
  87  7:25  Marine x2  
  87  7:27  Medivac  
  91  7:40  Command Center, Marine  
  91  7:41  Marauder  
  91  7:42  Medivac  
  91  7:43  Marine x2  
  98  7:52  Supply Depot  
  97  7:58  Marine  
  97  8:02  SCV x2  
  97  8:16  Supply Depot  
  97  8:17  Supply Depot  
  97  8:18  Supply Depot  
  90  8:31  Marine  
  90  8:32  Terran Infantry Armor Level 1, Marine x3, SCV  
  90  8:34  Supply Depot  
  90  8:39  Armory  
  90  8:44  SCV  
  91  8:49  Marine  
  91  8:50  Medivac, Marauder, Marine  
  91  8:51  Medivac  
  91  8:52  Siege Tank  
  102  8:56  Supply Depot  
  102  9:00  Orbital Command  
  102  9:04  SCV x2  
  102  9:08  Marine  
  105  9:12  Marauder  
  105  9:15  Marauder  
  105  9:16  SCV x2  
  111  9:17  Marine  
  111  9:18  Supply Depot  
  112  9:25  Orbital Command  
  112  9:28  SCV  
  113  9:41  Refinery  
  113  9:42  Supply Depot  
  113  9:44  Marine x4  
  113  9:45  Medivac x2, Refinery  
  115  9:52  Siege Tank  
  120  9:56  Missile Turret  
  120  10:02  Missile Turret, SCV  
  120  10:03  SCV  
  122  10:17  Barracks  
  122  10:18  Barracks  
  122  10:22  Barracks  
  122  10:28  Barracks  
  122  10:32  Terran Infantry Weapons Level 2  
  122  10:33  Command Center  
  122  10:35  Marine x3  
  123  10:36  Marauder  
  123  10:41  Medivac x2  
  115  11:23  SCV x2  
  115  11:24  Marine x5  
  115  11:25  Marine x2  
  111  11:27  Medivac x2  
  111  11:28  Siege Tank  
  111  11:32  Marine  
  113  11:43  Marauder, SCV  
  113  11:46  Marine x2, SCV  
  112  11:47  Marine x2  
  112  11:50  Marine  
  112  11:57  Medivac x2  
  115  12:04  Marine  
  115  12:05  Marauder  
  115  12:07  Marine x2  
  115  12:13  Marine x2  
  110  12:22  Marine  
  102  12:25  Marine x3  
  102  12:27  Hellion  
  102  12:28  Medivac x2  
  100  12:31  Marine x2  
  101  12:40  Marine  
  101  12:43  Marine x2  
  104  12:46  Barracks  
  104  12:47  Orbital Command  
  104  12:48  Barracks  
  104  12:49  Barracks  
  104  12:51  SCV  
  104  12:52  SCV x2, Barracks  
  107  12:59  Barracks Reactor  
  107  13:00  Barracks Reactor, Terran Infantry Armor Level 2  
  107  13:02  Barracks Tech Lab  
  107  13:03  Factory Reactor, SCV  
  107  13:05  Barracks Reactor  
  108  13:15  SCV  
  108  13:18  SCV  
  110  13:27  SCV  
  110  13:30  SCV  
  110  13:39  SCV  
  110  13:42  SCV  
  110  13:44  SCV x2  
  113  13:49  Marine x4  
  113  13:50  Marauder, Marine  
  113  13:51  Barracks Reactor x2, SCV  
  113  13:53  Barracks Tech Lab  
  113  13:54  SCV  
  122  13:55  Marine  
  122  13:56  Marine x2, SCV  
  122  13:57  SCV  
  122  14:00  Medivac x2  
  131  14:03  SCV  
  131  14:04  Hellbat x2  
  131  14:06  Marine, SCV  
  131  14:07  Marine x4  
  131  14:08  SCV  
  131  14:09  SCV  
  144  14:11  Marauder  
  144  14:13  Marine x2  
  144  14:16  Marine x2  
  150  14:22  Barracks Reactor  
  149  14:24  Marine  
  149  14:25  Hellbat  
  149  14:30  Medivac x2  
  156  14:33  Marauder  
  156  14:36  Refinery  
  157  14:39  Refinery  
  157  14:41  Marine x4  
  157  14:42  Marauder, Marine x2  
  160  14:50  Marine  
  160  14:51  Marine x3  
  160  14:52  Marine  
  157  14:54  Marauder, Marine  
  157  14:58  Marine  
  157  14:59  Marine  
  161  15:00  Hellbat  
  161  15:04  Marauder  
  142  15:10  Marine, SCV x3  
  123  15:14  Marine x3  
  123  15:15  Marauder, Marine  
  123  15:16  Terran Infantry Weapons Level 3  
  123  15:20  Marine x2  
  123  15:21  Marine x2  
  120  15:25  Marauder  
  120  15:28  Marine  
  121  15:35  Orbital Command  
  122  15:36  Marine, Factory Tech Lab, Barracks  
  122  15:37  Marauder, Marine x2  
  127  15:46  Marauder  
  129  15:51  SCV x3  
  129  15:55  Marine x4  
  134  15:58  Marauder  
  136  16:08  Marauder  
  136  16:10  Marine  
  136  16:11  Marine x2  
  141  16:14  Marine x4  
  141  16:15  Marine  
  141  16:16  Medivac  
  148  16:19  Marauder  
  148  16:21  Marine x2  
  148  16:25  Siege Tank  
  153  16:29  Marauder  
  155  16:41  Marauder, Command Center  
  155  16:44  Marine x3  
  155  16:45  Marine  
  148  16:50  Marauder  
  148  16:53  Supply Depot  
  124  17:01  Marine  
  124  17:02  Marauder, Marine  
  124  17:15  Marine x5  
  126  17:20  Marine x4  
  126  17:22  Supply Depot, Siege Tank  
  134  17:31  Marine x3  
  134  17:32  Marine x2  
  139  17:38  Marine x5  
  139  17:39  Marine x2  
  139  17:43  Marine  
  147  17:45  Supply Depot  
  147  17:48  Marine x4  
  151  18:08  Supply Depot  
  151  18:14  Orbital Command  
  151  18:27  Marine x2  
  151  18:28  Marine x7  
  151  18:29  Marine x2  
  151  18:30  Marauder x2, Marine x3  
  151  18:31  Planetary Fortress  
  169  18:34  Marine x2  
  158  18:43  SCV x3  
  158  18:45  Marine x3  
  158  18:46  Marine x2  
  158  18:47  Marine x2  
  158  18:48  Marine x2  
  170  18:55  Marine x3, SCV x3  
  173  18:56  Marine  
Show
View Real Time Build Order
Export as new Build Order

BLFG Terran 

Build Orders:  

Get SALT Encoding   

Show
View Real Time Build Order
Export as new Build Order

Eclipse Terran 

Build Orders:  

Get SALT Encoding   

Tags
 
Add a new tag
Caveats
  • Supply blocks, unpowered buildings, or Contaminate may cause inaccurate times.
  • Supply counts are checked every 10 seconds.